 Dungeon Crawl Stone Soup version 0.28.0 (webtiles) character file.

Game seed: 17299956362236042748

116 dorian the Covered (level 5, -2/32 HPs)
             Began as a Gargoyle Fighter on Feb 11, 2022.
             Slain by a centaur warrior zombie (9 damage)
             ... on level 6 of the Dungeon.
             The game lasted 00:02:33 (1877 turns).

dorian the Covered (Gargoyle Fighter)               Turns: 1877, Time: 00:02:34

Health: -2/32      AC: 11    Str: 21    XL:     5   Next: 1%
Magic:  5/5        EV:  9    Int:  9    God:
Gold:   90         SH:  4    Dex:  9    Spells: 4/4 levels left

rFire   . . .      SeeInvis .   a - +0 flail
rCold   . . .      Faith    .   c - +0 buckler
rNeg    + . .      Spirit   .   b - +0 scale mail
rPois   ∞          Reflect  .   (no helmet)
rElec   +          Harm     .   (no cloak)
rCorr   .          Rampage  .   (no gloves)
Will    .....                   (no boots)
Stlth   ..........              (no amulet)
HPRegen 0.10/turn               (no ring)
MPRegen 0.09/turn               (no ring)

@: mighty
A: sickness immunity, AC +4, negative energy resistance 1, electricity
resistance, torment resistance 1, petrification resistance
a: no special abilities


You were on level 6 of the Dungeon.
You visited 1 branch of the dungeon, and saw 4 of its levels.

You collected 90 gold pieces.

Inventory:

Hand Weapons
 a - a +0 flail (weapon)
Missiles
 j - 6 silver boomerangs (quivered)
Armour
 b - a +0 scale mail (worn)
 c - a +0 buckler (worn)
Jewellery
 g - a ring of positive energy
Wands
 n - a wand of flame (9)
Scrolls
 f - 4 scrolls of identify {unknown}
 h - 3 scrolls of enchant weapon {unknown}
 i - a scroll of magic mapping {unknown}
 k - a scroll of vulnerability {unknown}
 m - a scroll of teleportation {unknown}
Potions
 d - a potion of might
 e - a potion of attraction {unknown}
 l - a potion of heal wounds {unknown}


   Skills:
 - Level 3.2 Fighting
 + Level 3.7 Maces & Flails
 + Level 4.9 Armour
 - Level 3.2 Shields


You had 4 spell levels left.
You didn't know any spells.
Your spell library contained the following spells:

 Spells                   Type           Power      Damage    Failure   Level
 Conjure Flame            Conj/Fire      0%         6-21      99%         3
 Ignite Poison            Fire/Tmut/Pois 0%         N/A       99%         3
 Sticky Flame             Conj/Fire      0%         2d3       100%        4


Dungeon Overview and Level Annotations

Branches:
Dungeon (3/15)

Altars:


Innate Abilities, Weirdness & Mutations

You are immune to sickness and miasma.
Your stone body is resilient. (AC +4)
You are immune to poison.
You resist negative energy. (rN+)
You are resistant to electric shocks. (rElec)
You are resistant to unholy torment.
You are immune to petrification.


Message History

Unknown command.
You hit the centaur warrior zombie but do no damage.
The centaur warrior zombie is lightly damaged.
The centaur warrior zombie hits you but does no damage.
The centaur warrior zombie kicks you but does no damage.
The centaur warrior zombie completely misses you.
The centaur warrior zombie barely misses you.
Unknown command.
You thump the centaur warrior zombie!
The centaur warrior zombie is moderately damaged.
The centaur warrior zombie closely misses you.
The centaur warrior zombie barely misses you.
Unknown command.
You hit the centaur warrior zombie.
The centaur warrior zombie is moderately damaged.
The centaur warrior zombie closely misses you.
The centaur warrior zombie kicks you.
The centaur warrior zombie hits you but does no damage.
The centaur warrior zombie kicks you but does no damage.
Unknown command.
You sock the centaur warrior zombie!
The centaur warrior zombie is heavily damaged.
The centaur warrior zombie hits you.
The centaur warrior zombie kicks you but does no damage.
The centaur warrior zombie hits you but does no damage.
The centaur warrior zombie kicks you but does no damage.
You sock the centaur warrior zombie!
The centaur warrior zombie is heavily damaged.
The centaur warrior zombie hits you. The centaur warrior zombie kicks you.
You feel very mighty all of a sudden. The centaur warrior zombie hits you.
* * * LOW HITPOINT WARNING * * *
The centaur warrior zombie kicks you but does no damage.
You thump the centaur warrior zombie!
The centaur warrior zombie is severely damaged.
You block the centaur warrior zombie's attack.
The centaur warrior zombie kicks you.
* * * LOW HITPOINT WARNING * * *
The centaur warrior zombie hits you!
You die...

... .###.)......# . ..
..##........ ..##..
###..#........ ......
#............##
.....>##.............
.........##.........#####
#.....................#.###
#......†....Z@............#
.........#................#
.........###...#.........##
.......... #.....#...##..#
........####.....#..## ###
...###.## #.....#### .## #.
##...## ## #.....# ##...##


You could see a centaur warrior zombie.

Vanquished Creatures
  A bullfrog (D:6)
  An adder (D:2)
  2 dart slugs (D:1)
  2 endoplasms
  A giant cockroach (D:1)
  6 hobgoblins
  3 jackals (D:2)
  A quokka (D:1)
  4 ball pythons (D:2)
  2 bats
  2 frilled lizards
  4 goblins
  6 kobolds
  4 rats
39 creatures vanquished.

Notes
Turn   | Place    | Note
-------+----------+-------------------------------------------
     0 | D:1      | dorian the Gargoyle Fighter began the quest for the Orb.
     0 | D:1      | Reached XP level 1. HP: 14/14 MP: 1/1
     1 | D:1      | Noticed an electric eel
   218 | D:1      | Reached XP level 2. HP: 12/19 MP: 2/2
   589 | D:1      | Found a faded altar of an unknown god.
  1254 | D:2      | Reached skill level 4 in Armour
  1254 | D:2      | Reached XP level 3. HP: 23/23 MP: 3/3
  1828 | D:3      | You fall into a shaft and drop 3 floors!
  1848 | D:6      | Noticed a bullfrog
  1854 | D:6      | Killed a bullfrog
  1855 | D:6      | Reached XP level 4. HP: 26/28 MP: 4/4
  1855 | D:6      | Reached XP level 5. HP: 30/32 MP: 5/5
  1859 | D:6      | Noticed a centaur warrior zombie
  1877 | D:6      | Slain by a centaur warrior zombie

Illustrated notes

Levels and vault maps discovered:
D:1:      arrival_aquarium_a, layout_basic,
          shapermc_ecumenical_altar_mp_urbaneastern
D:2:      layout_rooms
D:3:      layout_basic, uniq_terence
D:6:      layout_cave_pools, dk_yredelemnul_ordeal, makhleb_altar_promises_db

Skill      XL: |  1  2  3 |
---------------+----------+-----
Armour         | 4 |  4.9
Maces & Flails | 3 |  3.7
Fighting       | |  3.2
Shields        | |  3.2

Action                   |  1- 3 |  4- 6 || total
-------------------------+-------+-------++-------
Melee: Flail             |   108 |     8 ||   116
Evoke: Wand              |     3 |     3 ||     6
  Use: Potion            |       |     1 ||     1
Armor: Scale mail        |    62 |    10 ||    72
Dodge: Dodged            |    58 |     8 ||    66
Block: Buckler           |    26 |     2 ||    28
